 Dungeon Crawl Stone Soup version 0.26-a0-682-g294304f6e8 (webtiles) character file.

Game seed: 6642061698267991989

8861 Kinoniko the Spear-Bearer (level 11, -2/115 HPs)
             Began as an Ogre Fighter on Oct 20, 2020.
             Was a Believer of the Shining One.
             Slain by an orange demon (7 damage)
             ... summoned by an orc high priest
             ... in a bailey.
             The game lasted 00:13:53 (10994 turns).

Kinoniko the Spear-Bearer (Ogre Fighter)           Turns: 10994, Time: 00:13:54

Health: -2/115     AC:  4    Str: 22    XL:     11   Next: 37%
Magic:  11/11      EV: 10    Int:  9    God:    the Shining One [**....]
Gold:   525        SH: 20    Dex: 11    Spells: 10/10 levels left

rFire    . . .     SeeInvis .   F - +2 trident (venom)
rCold    . . .     Faith    .   c - +3 kite shield
rNeg     + . .     Spirit   .   y - +0 robe {MR+}
rPois    .         Reflect  .   (helmet restricted)
rElec    .         Harm     .   A - +0 cloak
rCorr    +         Rampage  .   (gloves unavailable)
MR       ++...                  (boots unavailable)
Stlth    +.........             (no amulet)
HPRegen  0.29/turn              i - +4 ring of slaying
MPRegen  0.12/turn              z - ring of resist corrosion

@: divine shield, glowing
A: large, unfitting armour, tough skin 1
a: Divine Shield, Renounce Religion


You were in a bailey.
You worshipped the Shining One.
The Shining One was pleased with you.
You visited 1 branch of the dungeon, and saw 10 of its levels.
You also visited: Bailey.

You collected 525 gold pieces.

Inventory:

Hand Weapons
 F - a +2 trident of venom (weapon)
Armour
 c - a +3 kite shield (worn)
 v - a +1 robe of cold resistance
 y - a +0 robe of magic resistance (worn)
 A - a +0 cloak (worn)
Jewellery
 i - a +4 ring of slaying (left hand)
 s - an uncursed ring of see invisible
 z - a ring of resist corrosion (right hand)
 D - an uncursed ring of magical power
Wands
 k - a wand of iceblast (5)
 p - a wand of flame (18)
 w - a wand of paralysis (24)
 B - a wand of enslavement (14)
Scrolls
 f - 3 scrolls of fog
 g - a scroll of blinking
 j - 10 scrolls of remove curse
 t - 7 scrolls of teleportation
 E - 2 scrolls of fear
Potions
 a - a potion of ambrosia {unknown}
 b - 2 potions of stabbing
 d - a potion of brilliance
 e - 6 potions of lignification
 l - 2 potions of flight
 m - a potion of curing
 n - a potion of heal wounds {unknown}
 r - 2 potions of degeneration


   Skills:
 + Level 9.3 Fighting
 * Level 13.0 Polearms
 - Level 2.7 Dodging
 + Level 9.1 Shields


You had 10 spell levels left.
You didn't know any spells.
Your spell library contained the following spells:

 Spells                   Type           Power        Failure   Level
 Corona                   Hex            #......      38%         1
 Magic Dart               Conj           #...         38%         1
 Blink                    Tloc           N/A          52%         2
 Call Imp                 Summ           #.......     52%         2
 Slow                     Hex            #.......     52%         2
 Conjure Flame            Conj/Fire      #.......     77%         3
 Inner Flame              Hex/Fire       #.......     77%         3
 Mephitic Cloud           Conj/Pois/Air  #.......     77%         3
 Portal Projectile        Hex/Tloc       #.....       77%         3
 Cause Fear               Hex            #.........   99%         4
 Leda's Liquefaction      Hex/Erth       #.........   99%         4


Dungeon Overview and Level Annotations

Branches:
Dungeon (10/15)            Temple (0/1) D:7             Orc (0/2) D:9
 Bailey (1/1)
   Lair: D:8-11

Altars:
Ashenzari
Dithmenos
Kikubaaqudgha
Ru
Trog
Vehumet
Yredelemnul
The Shining One

Shops:
D:5 [


Innate Abilities, Weirdness & Mutations

You are too large for most types of armour.
You have tough skin. (AC +1)


Message History

The orc high priest prays to Beogh.
The orc high priest is healed somewhat.
The sun demon hits you!!
* * * LOW HITPOINT WARNING * * *
You are engulfed in flames!
* * * LOW HITPOINT WARNING * * *
You block the orange demon's attack. x2
You hit the orc high priest.
The orc high priest looks as sick as possible!
The orc high priest is severely wounded.
The orc high priest hits you with a +0 war axe!
* * * LOW HITPOINT WARNING * * *
You block the sun demon's attack. The orange demon stings you.
* * * LOW HITPOINT WARNING * * *
You block the orange demon's attack.
It was a potion of magic.
Magic courses through your body. You block the sun demon's attack.
The orc high priest mumbles some strange prayers to Beogh against you.
You resist with almost no effort. You block the orange demon's attack.
The orange demon hits you!
You die...

#+####### #.......# #≈≈≈≈≈
+.8.8.8.# #≈≈≈≈≈#
#....o..######≈≈≈≈≈#
#....#3@....#.≈≈≈≈≈≈#
))#....#4)....#.≈≈≈≈≈.####
..#.o.o#####''#.≈≈≈≈≈.....
..#.... #.....#.≈≈≈≈≈.....
# #...g #....)'...........
#g_.. #..⌠..)..........∩
#.... #.....)...........
#.....#.≈≈≈≈≈.....
####++#.≈≈≈≈≈.....


You could see an orc high priest (extremely poisoned), a sun demon (summoned)
and an orange demon (summoned).

Vanquished Creatures
  Erolcha (D:9)
  A two-headed ogre (D:10)
  An orc high priest (Bailey)
  Pikel (D:6)
  Maurice (D:8)
  A kobold demonologist (D:9)
  A troll (D:9)
  A steam dragon (D:4)
  A soldier ant (D:10)
  A water moccasin (D:6)
  2 black bears
  7 orc warriors
  2 sky beasts (D:7)
  3 ice beasts
  3 ogres
  5 phantoms
  4 centaurs
  12 big kobolds (D:9)
  5 bullfrogs
  3 scorpions
  A water moccasin skeleton (D:9)
  3 killer bees (D:7)
  A howler monkey (D:8)
  A crimson imp (D:5)
  A centaur zombie (D:6)
  A quasit (D:6)
  A bullfrog zombie (D:5)
  6 orc priests
  2 jellies
  7 orc wizards
  2 bullfrog skeletons
  4 hounds
  A centaur skeleton (D:6)
  Terence (D:3)
  2 iguanas
  8 worker ants
  A killer bee zombie (D:7)
  A hound zombie (D:7)
  A hound skeleton (D:5)
  Robin (D:4)
  14 gnolls
  10 adders
  A white imp (D:6)
  An ufetubus (D:7)
  3 worms
  3 leopard geckos
  28 orcs
  5 bats
  7 giant cockroaches
  16 goblins
  9 hobgoblins
  8 jackals
  6 quokkas
  5 frilled lizards
  A goblin skeleton (D:5)
  A hobgoblin zombie (D:5)
  17 kobolds
  2 kobold skeletons (D:5)
  2 kobold zombies (D:5)
  3 leopard gecko skeletons
  An orc skeleton (D:5)
  An orc zombie (D:5)
  7 rats
253 creatures vanquished.

Notes
Turn   | Place    | Note
-------+----------+-------------------------------------------
     0 | D:1      | Kinoniko the Ogre Fighter began the quest for the Orb.
     0 | D:1      | Reached XP level 1. HP: 24/24 MP: 1/1
   301 | D:1      | Reached XP level 2. HP: 32/32 MP: 2/2
  1396 | D:2      | Reached XP level 3. HP: 20/40 MP: 3/3
  1637 | D:2      | Reached skill level 3 in Polearms
  2391 | D:3      | Noticed Terence
  2400 | D:3      | Killed Terence
  2400 | D:3      | Reached XP level 4. HP: 31/49 MP: 4/4
  2716 | D:3      | Reached skill level 5 in Fighting
  2840 | D:3      | Reached XP level 5. HP: 57/57 MP: 5/5
  2984 | D:3      | Found a basalt altar of Yredelemnul.
  3573 | D:4      | Reached skill level 4 in Polearms
  3720 | D:4      | Reached XP level 6. HP: 44/66 MP: 6/6
  3843 | D:4      | Reached skill level 5 in Polearms
  4316 | D:4      | Found a shadowy altar of Dithmenos.
  4333 | D:4      | Reached XP level 7. HP: 49/72 MP: 7/7
  4486 | D:4      | Reached skill level 6 in Polearms
  5032 | D:4      | Noticed Robin
  5045 | D:4      | Killed Robin
  5138 | D:4      | Noticed a steam dragon
  5152 | D:4      | Killed a steam dragon
  5152 | D:4      | Reached skill level 5 in Shields
  5383 | D:5      | Entered Level 5 of the Dungeon
  5477 | D:5      | Reached skill level 7 in Polearms
  5672 | D:5      | Found a sacrificial altar of Ru.
  5696 | D:5      | Reached XP level 8. HP: 80/80 MP: 8/8
  5739 | D:5      | Found Nod Linuont's Antique Armour Boutique.
  5744 | D:5      | You fall into a shaft and drop 1 floor!
  5947 | D:5      | Found a broken altar of Ashenzari.
  6047 | D:5      | Found a glowing golden altar of the Shining One.
  6131 | D:5      | Became a worshipper of the Shining One
  6704 | D:6      | Reached skill level 8 in Polearms
  6919 | D:6      | Noticed Pikel
  6951 | D:6      | Killed Pikel
  6951 | D:6      | Reached skill level 9 in Polearms
  6951 | D:6      | Reached XP level 9. HP: 88/88 MP: 9/9
  7108 | D:6      | Found a bloodstained altar of Trog.
  7552 | D:7      | Found a glowing golden altar of the Shining One.
  7573 | D:7      | Reached * piety under the Shining One
  7580 | D:7      | Reached skill level 10 in Polearms
  7581 | D:7      | Found a staircase to the Ecumenical Temple.
  8500 | D:8      | Reached XP level 10. HP: 98/98 MP: 10/10
  8527 | D:8      | Reached skill level 11 in Polearms
  9003 | D:8      | Noticed Maurice
  9011 | D:8      | Killed Maurice
  9348 | D:9      | Found a radiant altar of Vehumet.
  9352 | D:9      | Noticed Erolcha
  9362 | D:9      | Killed Erolcha
  9586 | D:9      | Found a staircase to the Orcish Mines.
  9836 | D:9      | Noticed a kobold demonologist
  9856 | D:9      | Killed a kobold demonologist
  9856 | D:9      | Reached ** piety under the Shining One
  9856 | D:9      | Reached skill level 12 in Polearms
 10191 | D:9      | Found an ancient bone altar of Kikubaaqudgha.
 10306 | D:9      | Reached XP level 11. HP: 113/113 MP: 11/11
 10488 | D:10     | Entered Level 10 of the Dungeon
 10662 | D:10     | Noticed a two-headed ogre
 10667 | D:10     | Killed a two-headed ogre
 10820 | D:10     | Found a flagged portal.
 10832 | Bailey   | Entered a bailey
 10950 | Bailey   | Found an iron altar of Okawaru.
 10950 | Bailey   | Noticed an orc high priest
 10950 | Bailey   | Noticed an orc high priest
 10966 | Bailey   | Noticed a sun demon
 10977 | Bailey   | Killed an orc high priest
 10977 | Bailey   | Reached skill level 13 in Polearms
 10993 | Bailey   | HP: 4/115 [orange demon[an orc high priest] (4)]
 10994 | Bailey   | Slain by an orange demon

Illustrated notes

Levels and vault maps discovered:
D:1:      saegor_arrival_simple_b, layout_basic
D:2:      layout_loops_corners
D:3:      layout_basic, nicolae_overflow_crystal_walls, uniq_terence
D:4:      layout_basic, nicolae_dithmenos_the_darkroom, eino_tiny_chamber,
          uniq_robin
D:5:      layout_layer_cave, nicolae_tso_besieged_by_evil,
          nicolae_overflow_hidden_temple, serial_shops, kennysheep_mini_moat
D:6:      layout_basic, overflow_temple_1_default, uniq_pikel
D:7:      layout_loops_cross, minmay_temple_entry_trees, basic_altar
D:8:      layout_loops_ring, minivault_25, patterned_corridor, uniq_maurice
D:9:      layout_rooms, kennysheep_mini, vehumet_crystals, david_orc_1_choice,
          special_room [special_room_kobold], uniq_erolcha
D:10:     layout_roguey [special_room_orc], lair_entry_dummy, enter_bailey_3
Bailey:   bailey_axe_of_yendor_kennysheep, bailey

Skill      XL: |  1  2  3  4  5  6  7  8  9 10 11 |
---------------+----------------------------------+-----
Shields        | 3 4 5 6 7 8 9 |  9.1
Polearms       | 3 4 5 7 9 10 12 13 | 13.0
Fighting       | 5 6 8 9 |  9.3
Dodging        | |  2.7

Action                   |  1- 3 |  4- 6 |  7- 9 | 10-12 || total
-------------------------+-------+-------+-------+-------++-------
Melee: Trident           |    97 |       |       |   225 ||   322
       Spear             |     8 |   112 |   337 |    62 ||   519
Invok: Divine Shield     |       |       |       |     1 ||     1
  Use: Scroll            |     4 |       |     1 |    12 ||    17
       Potion            |       |     1 |     4 |     4 ||     9
 Stab: Sleeping          |     1 |     1 |     3 |       ||     5
Armor: Robe              |    22 |    12 |    31 |    10 ||    75
       Skin              |       |       |    10 |       ||    10
Dodge: Dodged            |    31 |    15 |    51 |    43 ||   140
Block: Kite shield       |    33 |    33 |   109 |   116 ||   291

Table legend: (Time is in decaauts)
 A = Elapsed time spent in this place.
 B = Non-inter-level travel time spent in this place.
 C = Inter-level travel time spent in this place.
 D = Time resting spent in this place.
 E = Time spent auto-exploring this place.
 F = Levels seen in this place.
 G = Mean time per level.
                   A        B        C        D        E       F      G
               +--------+--------+--------+--------+--------+-----+--------+
         Total |  10846 |  10652 |    194 |   2869 |   6406 |  11 |  986.0 |
       Dungeon |  10704 |  10510 |    194 |   2803 |   6406 |  10 | 1070.4 |
        Bailey |    141 |    141 |      0 |     66 |      0 |   1 |  141.0 |
               +--------+--------+--------+--------+--------+-----+--------+

Top non-repeatable levels by time:
     D:4: 1985 daAuts
     D:2: 1422 daAuts
     D:5: 1162 daAuts
     D:9: 1153 daAuts
     D:3: 1017 daAuts
     D:1: 977 daAuts
     D:8: 954 daAuts
     D:6: 929 daAuts
     D:7: 775 daAuts
    D:10: 326 daAuts
  Bailey: 141 daAuts
